 Dungeon Crawl Stone Soup version 0.23-a0-819-g6debee6 (console) character file.

39 Duffy the Conjurer (level 3, -15/28 HPs)
             Began as a Naga Wizard on Jan 22, 2019.
             Demolished by an ogre
             ... wielding a +0 giant spiked club
              (25 damage)
             ... on level 3 of the Dungeon.
             The game lasted 00:01:42 (681 turns).

Duffy the Conjurer (Naga Wizard)                     Turns: 681, Time: 00:01:43

Health: -15/28     AC:  2    Str:  6 (9)  XL:     3   Next: 47%
Magic:  0/7        EV:  9    Int: 17 (19) God:
Gold:   28         SH:  0    Dex:  7 (9)  Spells: 0/8 levels left

rFire    . . .     SeeInvis +   d - 2 rations
rCold    . . .     Gourm    .   (no shield)
rNeg     . . .     Faith    .   a - +0 robe
rPois    +         Spirit   .   b - +0 hat
rElec    .         Reflect  .   (no cloak)
rCorr    .         Harm     .   (no gloves)
MR       .....                  (no barding)
Stlth    ++........             (no amulet)
HPRegen  0.09/turn              (no ring)
MPRegen  0.10/turn              (no ring)

@: flying, very slightly contaminated, very slow
A: large, see invisible, deformed body, poison resistance, slowness 2, slow
metabolism 1, spit poison 1, AC +1
a: Spit Poison


You were on level 3 of the Dungeon.
You were not hungry.

You visited 1 branch of the dungeon, and saw 3 of its levels.

You collected 28 gold pieces.

Inventory:

Armour
 a - a +0 robe (worn)
 b - a +0 hat (worn)
Scrolls
 f - a scroll of identify {unknown}
Comestibles
 d - 2 rations (in hand)


   Skills:
 - Level 1.5 Dodging
 - Level 3.0 Stealth
 - Level 3.0 Spellcasting
 + Level 3.3 Conjurations
 - Level 1.0 Summonings
 - Level 1.0 Translocations


You couldn't memorise any spells.
You knew the following spells:

 Your Spells              Type           Power        Failure   Level  Hunger
h - Magic Dart            Conj           ##..         4%          1    None
i - Call Imp              Summ           #.......     17%         2    ##.....
l - Conjure Flame         Conj/Fire      #.......     26%         3    ###....
B - Blink                 Tloc           N/A          17%         2    ##.....

Your spell library contained the following spells:

 Spells                   Type           Power        Failure   Level  Hunger
 Slow                     Hex            #.......     26%         2    ##.....
 Mephitic Cloud           Conj/Pois/Air  #.......     32%         3    ###....


Dungeon Overview and Level Annotations

Branches:
Dungeon (3/15)

Altars:
Fedhas


Innate Abilities, Weirdness & Mutations

You cannot wear boots.
Your serpentine skin is tough. (AC +1)
You have supernaturally acute eyesight. (SInv)
Armour fits poorly on your strangely shaped body.
Your system is resistant to poisons. (rPois)
You cover ground very slowly.
You have a slow metabolism.
You can spit poison.


Message History

Your crimson imp hits the ogre.
It was a potion of flight.
You feel very buoyant.
You fly up into the air.
Your crimson imp blinks!
The ogre barely misses you.
Your crimson imp hits the ogre.
You aren't carrying any potions.
Unknown command.
You have got your breath back.
The gnoll closely misses your crimson imp.
Your crimson imp blinks!
Casting: Call Imp (safe; 17% risk of failure)
Confirm with . or Enter, or press ? or * to list all spells.
You don't know that spell.
Casting: Call Imp (safe; 17% risk of failure)
Confirm with . or Enter, or press ? or * to list all spells.
A beastly little devil appears in a puff of frigid air.
The ogre hits you with a +0 giant spiked club!!
Ouch! That really hurt!
You die...

#.......~..~ #.......
#........5~.. #.#5...#
#.#%...........####.#.####
#......................#
#.###.##..#...########.#
...###l.0......# #.#
.........g..#...# ##.##
...(.####5O.##.########...##
.... +....@5.........[......
... ####...##.#####........
.. ##.###.# #.####.## .
#.....#####.##.....
#.######....#...... #.#
#.#..#...... #.#
#.##....._.. #.#
#.##.#...... #.#
#.##.#......


You could see an ogre, a gnoll, a frilled lizard, 2 friendly crimson imps and a
friendly white imp.

Vanquished Creatures
  Terence (D:3)
  An adder (D:3)
  A quokka (D:3)
  A bat (D:1)
  A frilled lizard (D:3)
  A goblin (D:1)
  A kobold (D:1)
  2 rats
9 creatures vanquished.

Notes
Turn   | Place    | Note
-------+----------+-------------------------------------------
     0 | D:1      | Duffy the Naga Wizard began the quest for the Orb.
     0 | D:1      | Reached XP level 1. HP: 15/15 MP: 4/4
   214 | D:3      | Reached XP level 2. HP: 22/22 MP: 0/6
   284 | D:3      | Found a blossoming altar of Fedhas.
   290 | D:3      | Learned a level 2 spell: Blink
   293 | D:3      | Learned a level 2 spell: Call Imp
   416 | D:3      | Noticed Terence
   461 | D:3      | Killed Terence
   461 | D:3      | Reached XP level 3. HP: 17/28 MP: 1/7
   469 | D:3      | Learned a level 3 spell: Conjure Flame
   668 | D:3      | Noticed an ogre
   681 | D:3      | Demolished by an ogre

Vault maps used:
D:1:      matt_arrival_spirals, serial_glass, glass_columns_b, glass_columns_b,
          glass_columns_c, glass_columns_b, glass_columns_c, glass_columns_a
D:2:      uniq_sigmund, uniq_robin
D:3:      cheibrodos_helix_gallery, old_standard_altar,
          chequers_temple_overflow_minitemple, uniq_terence, uniq_jessica,
          uniq_grinder

Skill      XL: |  1  2 |
---------------+-------+-----
Conjurations   | 2 3 |  3.3
Dodging        | |  1.5
Stealth        | |  3.0
Spellcasting   | |  3.0
Summonings     | |  1.0
Translocations | |  1.0

Action                   || total
-------------------------++-------
 Cast: Magic Dart        ||    19
       Call Imp          ||     6
 Abil: Spit Poison       ||    10
  Use: Potion            ||     2
Dodge: Dodged            ||    12

Table legend:
 A = Non-vault XP
 B = Vault XP
 C = Vault XP percentage of total XP
 D = Non-vault monster count
 E = Vault monster count
 F = Vault count percentage of total count
                 A         B        C        D         E       F
            +---------+---------+-------+---------+---------+-------
      Total |      21 |      36 |  63.2 |       8 |       1 |  11.1
            +---------+---------+-------+---------+---------+-------
        D:1 |       4 |       0 |   0.0 |       4 |       0 |   0.0
        D:3 |      17 |      36 |  67.9 |       4 |       1 |  20.0
            +---------+---------+-------+---------+---------+-------
